 Dungeon Crawl Stone Soup version 0.30.1-4-g462c640d31 (webtiles) character file.

Game seed: 13678594229638904373

44974 booth the Cleaver (level 13, -7/113 HPs)
             Began as a Demonspawn Monk on Aug 9, 2023.
             Was an Elder of Ashenzari.
             Mangled by Rupert
             ... wielding a +3 antimagic great sword
              (44 damage)
             ... on level 4 of the Lair of Beasts on Aug 11, 2023.
             The game lasted 01:56:45 (18120 turns).

booth the Cleaver (Demonspawn Monk)                Turns: 18120, Time: 01:56:45

Health: -7/113     AC: 18    Str: 19    XL:     13   Next: 99%
Magic:  0/27       EV: 17    Int: 11    God:    Ashenzari [****..]
Gold:   1991       SH:  6    Dex: 16    Spells: 32/32 levels left

rFire   + . .        i - +1 war axe (elec)
rCold   + . .        d - orb "Mantic Egalitarianism" {light, Elem, Melee} (curse)
rNeg    . . .        A - +3 leather armour {rC+}
rPois   +            y - +2 helmet
rElec   .            m - +1 cloak of the Shattered Seer {Range, Bglg} (curse)
rCorr   .            I - +0 pair of gloves "Thunder Perfect Mind" {Fort, Cun} (curse)
SInv    +            N - +2 pair of boots of Ashenzari's Loss {Self, Fort} (curse)
Will    .....        R - amulet of the Fated Fetters {Spirit, Range, Self} (curse)
Stlth   +            S - ring of the Mantic Sorrow {rF+, Evo, Range} (curse)
HPRegen 0.38/turn    W - ring "Shackled With Me" {rPois, Self, Evo} (curse)
MPRegen 0.20/turn

%: clarity, guardian spirit
@: glowing
A: large bone plates 2, ignite blood 1, powered by death 2, weakness stinger 2,
thin skeletal structure 1, dopey 1, strong 1
a: Renounce Religion, Shatter the Chains


You were on level 4 of the Lair of Beasts.
You worshipped Ashenzari.
Ashenzari was greatly pleased with you.
You visited 3 branches of the dungeon, and saw 17 of its levels.
You also visited: Ice Cave.

You collected 1991 gold pieces.

Inventory:

Hand Weapons
 i - a +1 war axe of electrocution (weapon)
 x - a +2 mace of venom
 z - a +2 dire flail of protection
Missiles
 l - 12 javelins (quivered)
 q - 2 throwing nets
 s - 21 poisoned darts
 F - 5 curare-tipped darts
 J - 7 boomerangs
 L - 6 atropa-tipped darts
 Q - 4 silver boomerangs
 T - 2 boomerangs of dispersal
Armour
 d - the cursed orb "Mantic Egalitarianism" (worn) {light, Elem, Melee}

   It has a curse which improves the following skills: Elements: Fire Magic, Ice
   Magic, Air Magic and Earth Magic.
   Melee Combat: Short Blades, Long Blades, Axes, Maces & Flails, Polearms,
   Staves and Unarmed Combat.
 m - the cursed +1 cloak of the Shattered Seer (worn) {Range, Bglg}
   (You took it off Crazy Yiuf on level 3 of the Dungeon)

   It has a curse which improves the following skills: Ranged Combat: Ranged
   Weapons and Throwing.
   Beguiling: Conjurations, Hexes and Translocations.
 y - a +2 helmet (worn)
 A - a +3 leather armour of cold resistance (worn)
 I - the cursed +0 pair of gloves "Thunder Perfect Mind" (worn) {Fort, Cun}
   (You found it on level 6 of the Dungeon)

   It has a curse which improves the following skills: Fortitude: Armour and
   Shields.
   Cunning:   Dodging and Stealth.
 N - the cursed +2 pair of boots of Ashenzari's Loss (worn) {Self, Fort}
   (You found it on level 7 of the Dungeon)

   It has a curse which improves the following skills: Introspection: Fighting
   and Spellcasting.
   Fortitude: Armour and Shields.
 X - a +0 ring mail
Jewellery
 g - a ring of magical power
 O - a +4 ring of protection
 R - the cursed amulet of the Fated Fetters (around neck) {Spirit, Range, Self}
   (You found it on level 11 of the Dungeon)

   [amulet of guardian spirit]

   It causes incoming damage to be divided between your reserves of health and
   magic.
   It has a curse which improves the following skills: Ranged Combat: Ranged
   Weapons and Throwing.
   Introspection: Fighting and Spellcasting.
 S - the cursed ring of the Mantic Sorrow (left hand) {rF+, Evo, Range}
   (You found it on level 12 of the Dungeon)

   [ring of protection from fire]

   rF:        It protects you from fire.
   It has a curse which improves the following skills: Evocations: Evocations.
   Ranged Combat: Ranged Weapons and Throwing.
 W - the cursed ring "Shackled With Me" (right hand) {rPois, Self, Evo}
   (You found it on level 1 of the Lair of Beasts)

   [ring of poison resistance]

   rPois:     It protects you from poison.
   It has a curse which improves the following skills: Introspection: Fighting
   and Spellcasting.
   Evocations: Evocations.
Wands
 b - a wand of mindburst (20)
 k - a wand of flame (21)
 p - a wand of polymorph (8)
 r - a wand of paralysis (7)
 t - a wand of acid (3)
 P - a wand of iceblast (5)
Scrolls
 f - 3 scrolls of magic mapping
 h - a scroll of fear
 u - 2 scrolls of immolation
 w - 2 scrolls of amnesia
 C - 2 scrolls of silence
 E - 3 scrolls of fog
 G - 12 scrolls of teleportation
 M - a scroll of poison
 U - a scroll of enchant armour
Potions
 a - 4 potions of heal wounds
 c - 2 potions of ambrosia
 e - 3 potions of haste
 j - 5 potions of flight
 n - 3 potions of lignification
 o - 2 potions of resistance
 B - 2 potions of brilliance
 H - 5 potions of curing
 K - 2 potions of might
 V - a potion of invisibility
 Y - a potion of cancellation
Miscellaneous
 Z - a phial of floods


   Skills:
 + Level 10.4(14.0) Fighting
 * Level 12.5(15.1) Axes
 + Level 8.1(12.7) Maces & Flails
 + Level 7.1(9.9) Armour
 + Level 9.1(10.9) Dodging
 + Level 6.8(10.4) Spellcasting
 + Level 10.3 Invocations


You had 32 spell levels left.
You didn't know any spells.
Your spell library contained the following spells:

 Spells                   Type           Power      Damage    Failure   Level
 Apportation              Tloc           12%        N/A       13%         1
 Magic Dart               Conj           24%        1d4       13%         1
 Cigotuvi's Dreadful Rot  Necr/Pois/Air  10%        N/A       21%         2
 Searing Ray              Conj           12%        2d4       21%         2
 Portal Projectile        Hex/Tloc       12%        N/A       36%         3
 Tukima's Dance           Hex            6%         N/A       36%         3
 Cause Fear               Hex            3%         N/A       78%         4
 Fulminant Prism          Conj/Hex       3%         3d5       78%         4
 Dispel Undead            Necr           5%         3d7       80%         4
 Alistair's Intoxication  Tmut/Pois      3%         N/A       98%         5
 Blade Hands              Tmut           2%         N/A       98%         5
 Death Channel            Necr           2%         N/A       100%        6
 Dragon Form              Tmut           2%         N/A       100%        7
 Dragon's Call            Summ           2%         N/A       100%        9


Dungeon Overview and Level Annotations

Branches:
Dungeon (12/15)            Temple (1/1) D:6            Lair (4/5) D:9
 Shoals (0/4) Lair:3       Spider (0/4) Lair:3        Slime (0/5) Lair:4
    Orc (0/2) D:12          IceCv (visited)

Altars:
Ashenzari
Cheibriados
Dithmenos
Fedhas
Gozag
Hepliaklqana
Kikubaaqudgha
Makhleb
Nemelex Xobeh
Okawaru
Qazlal
Ru
Sif Muna
Trog
Uskayaw
Vehumet
Wu Jian
Xom
Yredelemnul
Jiyva

Shops:
D:6 !   D:7 (

Annotations:
Lair:4 1 runed translucent door, Rupert


Innate Abilities, Weirdness & Mutations

You are mostly covered in large bone plates. (SH +6)
Your demonic aura sometimes causes spilled blood to erupt in flames.
You regenerate health from kills.
You have a tail ending in a sharp stinger.
You have a somewhat thin skeletal structure. (Dex +2, Stealth+)
You are dopey. (Int -2)
Your muscles are strong. (Str +4, Int/Dex -1)


Message History

Rupert is lightly wounded.
Rupert misses you.
You hit Rupert.
Rupert is lightly wounded.
You hit the fungus.
The fungus begins to die.
Rupert hits you with a +3 antimagic great sword.
You feel your power leaking away.
You slash Rupert! You tail-slap Rupert, but do no damage.
Rupert is moderately wounded.
You slash the fungus!
Rupert is engulfed in blazing flames.
You block Rupert's attack.
You barely miss Rupert.
Rupert is moderately wounded.
You hit the fungus.
Rupert is engulfed in blazing flames.
Rupert hits you with a +3 antimagic great sword!!
You feel your power leaking away.
Rupert is engulfed in blazing flames.
Rupert closely misses you.
You hit Rupert.
Rupert is moderately wounded.
You slash the fungus!
Rupert is engulfed in blazing flames.
Rupert hits you with a +3 antimagic great sword!
You feel your power leaking away.
You hit Rupert but do no damage.
Rupert is moderately wounded.
You slice the fungus!!
A nearby fungus withers and dies.
Rupert is engulfed in blazing flames.
Rupert hits you with a +3 antimagic great sword!!!
You feel your power leaking away.
You hit Rupert but do no damage.
Rupert is heavily wounded.
Rupert is engulfed in blazing flames.
You block Rupert's attack.
You hit Rupert.
Rupert is heavily wounded.
Rupert is engulfed in blazing flames.
Rupert hits you with a +3 antimagic great sword!
You slash Rupert!
Rupert is severely wounded.
Rupert is engulfed in blazing flames.
Rupert hits you with a +3 antimagic great sword!!!
You die...

, , , , *...##
,,,, , ,**#((.
,,,###, #.).##
,, ,#.. , ,,
..#.# *,, ....
#((## * , .....,
##(.P# ,
.(...####...P#
#...#..#...@.# ,
,,
#........##@## *
#.#.###.##.## ,
* * ##..###* , ,
* #..##.## *
*,##...#.### *
,,.#..#P.P...#
**,.....##PP.###
*
,*#.....####P..#
**..>#...#....P#


You could see Rupert (berserk, very poisoned).

Vanquished Creatures
  2 boulder beetles (D:12)
  3 two-headed ogres
  A bog body (IceCv)
  Pikel (D:5)
  A necromancer (IceCv)
  An ugly thing (D:11)
  2 manticores
  2 ice statues (IceCv)
  3 black mambas
  7 centaur zombies (D:10)
  5 gargoyles
  6 cane toads
  Joseph (D:10)
  An unseen horror (D:12)
  2 rime drakes
  3 unseen horror zombies (D:10)
  5 ice devils (IceCv)
  6 komodo dragons
  5 anaconda simulacra (IceCv)
  Grinder (D:3)
  8 blink frogs (Lair:3)
  7 dream sheep (Lair:3)
  A jumping spider (Lair:3)
  3 wraiths
  2 culicivoras (Lair:3)
  43 yaks
  A dire elephant simulacrum (IceCv)
  5 wyverns
  Eustachio (D:6)
  3 basilisks
  2 death yak simulacra
  2 steam dragons
  A redback (Lair:3)
  3 vampire mosquitoes (D:11)
  Menkaure (D:5)
  A harpy simulacrum (IceCv)
  Edmund (D:4)
  3 acid dragons
  17 water moccasins
  3 hydra simulacra (IceCv)
  8 orc warriors
  A black bear (D:4)
  2 ice beasts (D:8)
  14 centaurs
  9 wolves (Lair:2)
  A lemure (D:5)
  Blork the orc (D:6)
  2 kobold brigands
  14 bullfrogs
  2 gnoll sergeants
  A two-headed ogre simulacrum (IceCv)
  8 scorpions
  3 wights (D:9)
  16 killer bees
  4 howler monkeys (D:10)
  3 gnoll boudas
  Crazy Yiuf (D:3)
  9 orc priests
  2 hounds
  2 jellies
  A sleepcap (D:4)
  Jessica (D:3)
  3 iguanas
  Ijyb (D:5)
  Terence (D:3)
  11 orc wizards
  A polar bear simulacrum (IceCv)
  A spriggan simulacrum (IceCv)
  A wolf simulacrum (IceCv)
  Robin (D:4)
  26 gnolls
  7 adders
  2 white imps
  2 ufetubi
  2 worms
  3 dart slugs
  62 orcs
  10 ball pythons
  8 bats
  5 endoplasms
  2 giant cockroaches (D:4)
  17 goblins
  9 hobgoblins
  9 jackals
  4 quokkas
  5 frilled lizards
  12 kobolds
  5 rats
481 creatures vanquished.

Vanquished Creatures (others)
  An orc (D:6)
1 creature vanquished.

Grand Total: 482 creatures vanquished

Notes
Turn   | Place    | Note
-------+----------+-------------------------------------------
     0 | D:1      | booth the Demonspawn Monk began the quest for the Orb.
     0 | D:1      | Reached XP level 1. HP: 18/18 MP: 1/1
   162 | D:1      | Gained mutation: You are partially covered in large bone
                  | plates. (SH +4) [demonic ancestry]
   162 | D:1      | Reached XP level 2. HP: 24/24 MP: 2/2
   212 | D:1      | Reached skill level 3 in Axes
   551 | D:1      | Gained mutation: Your demonic aura sometimes causes spilled
                  | blood to erupt in flames. [demonic ancestry]
   551 | D:1      | Reached XP level 3. HP: 25/29 MP: 3/3
   777 | D:1      | Gained mutation: Your muscles are strong. (Str +4, Int/Dex
                  | -1) [potion of mutation]
   777 | D:1      | Gained mutation: You are dopey. (Int -2) [potion of
                  | mutation]
   777 | D:1      | Gained mutation: You have a somewhat thin skeletal
                  | structure. (Dex +2, Stealth+) [potion of mutation]
  1100 | D:2      | You fall into a shaft and drop 1 floor!
  1126 | D:3      | Noticed Terence
  1126 | D:3      | Noticed Jessica
  1145 | D:3      | Killed Terence
  1146 | D:3      | Gained mutation: You have a small tail. [demonic ancestry]
  1146 | D:3      | Reached XP level 4. HP: 14/37 MP: 4/4
  1146 | D:3      | Killed Jessica
  1713 | D:2      | Identified the +1 robe of the Meager God {rF+}
  2186 | D:3      | Found a runed translucent door.
  2187 | D:3      | Noticed Crazy Yiuf
  2452 | D:3      | Noticed Grinder
  2453 | D:3      | Paralysed by Grinder for 3 turns
  2494 | D:3      | Paralysed by Grinder for 5 turns
  2501 | D:3      | Killed Grinder
  2502 | D:3      | Reached skill level 4 in Axes
  2502 | D:3      | Reached XP level 5. HP: 6/43 MP: 5/5
  2502 | D:3      | Gained mutation: You have a tail ending in a sharp stinger.
                  | [demonic ancestry]
  2502 | D:3      | Reached XP level 6. HP: 7/49 MP: 6/6
  2944 | D:3      | Killed Crazy Yiuf
  3612 | D:4      | Reached skill level 5 in Fighting
  3688 | D:4      | Gained mutation: You are mostly covered in large bone
                  | plates. (SH +6) [demonic ancestry]
  3688 | D:4      | Reached XP level 7. HP: 29/56 MP: 7/7
  3850 | D:4      | Noticed Robin
  3858 | D:4      | Killed Robin
  3861 | D:4      | Reached skill level 5 in Dodging
  3998 | D:4      | Reached skill level 5 in Axes
  4448 | D:4      | Reached skill level 1 in Maces & Flails
  4951 | D:5      | Entered Level 5 of the Dungeon
  4951 | D:5      | Noticed Edmund
  4951 | D:5      | Noticed Ijyb
  4990 | D:4      | Killed Edmund
  4991 | D:4      | Gained mutation: You regenerate a little health from kills.
                  | [demonic ancestry]
  4991 | D:4      | Reached XP level 8. HP: 40/64 MP: 8/8
  5082 | D:5      | Killed Ijyb
  5130 | D:5      | Reached skill level 6 in Axes
  5335 | D:5      | Found a stormy altar of Qazlal.
  5361 | D:5      | Noticed Menkaure
  5387 | D:5      | Killed Menkaure
  5582 | D:5      | Noticed Pikel
  5604 | D:5      | Killed Pikel
  5605 | D:5      | Reached skill level 7 in Axes
  5776 | D:5      | Reached XP level 9. HP: 60/71 MP: 9/9
  6458 | D:6      | Noticed Blork the orc
  6483 | D:6      | Reached skill level 1 in Invocations
  6491 | D:6      | Killed Blork the orc
  6492 | D:6      | Reached skill level 1 in Armour
  6635 | D:6      | Found a staircase to the Ecumenical Temple.
  6648 | Temple   | Entered the Ecumenical Temple
  6738 | Temple   | Became a worshipper of Ashenzari the Shackled
  6785 | D:6      | Found an iron altar of Okawaru.
  7062 | D:6      | Found Asuirphaf's Distillery.
  7151 | D:6      | Noticed Eustachio
  7177 | D:6      | Killed Eustachio
  7307 | D:6      | Found an opulent altar of Gozag.
  7314 | D:6      | Found a shadowy altar of Dithmenos.
  7321 | D:6      | Found a burning altar of Makhleb.
  7345 | D:6      | Found a sacrificial altar of Ru.
  7580 | D:6      | Found a snail-covered altar of Cheibriados.
  7816 | D:7      | Reached skill level 8 in Axes
  7846 | D:7      | Reached skill level 1 in Spellcasting
  8400 | D:7      | Found Ohaecvea's Weapon Boutique.
  8693 | D:8      | Reached * piety under Ashenzari
  8708 | D:8      | Reached XP level 10. HP: 82/82 MP: 11/13
  9030 | D:8      | Identified a scroll of acquirement
  9058 | D:8      | Acquired 828 gold pieces
  9506 | D:8      | Found a hazy altar of Hepliaklqana.
  9519 | D:8      | Reached skill level 9 in Axes
  9519 | D:8      | Reached skill level 5 in Maces & Flails
  9519 | D:8      | Reached XP level 11. HP: 90/90 MP: 14/18
  9577 | D:9      | Reached ** piety under Ashenzari
  9747 | D:9      | Reached skill level 10 in Axes
  9841 | D:9      | Noticed a two-headed ogre
  9855 | D:9      | Killed a two-headed ogre
  9981 | D:9      | Found a bloodstained altar of Trog.
 10199 | D:9      | Reached skill level 5 in Armour
 10214 | D:9      | Found a staircase to the Lair.
 10470 | D:10     | Entered Level 10 of the Dungeon
 10557 | D:10     | Gained mutation: You regenerate health from kills. [demonic
                  | ancestry]
 10557 | D:10     | Reached XP level 12. HP: 99/99 MP: 21/21
 10567 | D:10     | Found a basalt altar of Yredelemnul.
 10914 | D:10     | Noticed Joseph
 10932 | D:10     | Killed Joseph
 10933 | D:10     | Reached skill level 5 in Spellcasting
 11190 | D:10     | Upgraded the game from 0.30.1-3-gfc49f6343a to
                  | 0.30.1-4-g462c640d31
 11209 | D:11     | Noticed a two-headed ogre
 11217 | D:11     | Killed a two-headed ogre
 11218 | D:11     | Reached skill level 11 in Axes
 11792 | D:11     | Reached *** piety under Ashenzari
 12346 | D:12     | Noticed a boulder beetle
 12358 | D:12     | Killed a boulder beetle
 12389 | D:12     | Reached **** piety under Ashenzari
 12677 | D:12     | Found a staircase to the Orcish Mines.
 12742 | D:12     | Identified the amulet "Ditseag" {RegenMP Harm rElec rN++
                  | Will-}
 12855 | D:12     | Noticed a two-headed ogre
 12866 | D:12     | Killed a two-headed ogre
 13179 | D:12     | Noticed a boulder beetle
 13211 | D:12     | Killed a boulder beetle
 13439 | Lair:1   | Entered Level 1 of the Lair of Beasts
 13470 | Lair:1   | Reached XP level 13. HP: 94/111 MP: 21/26
 14212 | Lair:1   | Identified the +1 robe "Meogh" {rElec Str+5}
 14904 | Lair:2   | Found a frozen archway.
 14963 | IceCv    | Entered an ice cave
 15278 | IceCv    | Reached skill level 10 in Fighting
 15472 | IceCv    | Reached skill level 12 in Axes
 16429 | Lair:3   | Found a staircase to the Shoals.
 16615 | Lair:3   | Reached skill level 10 in Invocations
 17610 | Lair:3   | Found a hole to the Spider Nest.
 17797 | Lair:4   | Noticed an azure jelly
 17797 | Lair:4   | Noticed an azure jelly
 17797 | Lair:4   | Noticed an azure jelly
 17797 | Lair:4   | Found a runed translucent door.
 17797 | Lair:4   | Found a viscous altar of Jiyva.
 17797 | Lair:4   | Found a staircase to the Slime Pits.
 18101 | Lair:4   | Identified the +3 sling of the Dwarven Hall {heavy, rN++}
 18103 | Lair:4   | Noticed Rupert
 18120 | Lair:4   | Mangled by Rupert

Illustrated notes

Levels and vault maps discovered:
D:1:      pf_arrival_petrified_forest, layout_loops_ring, minmay_misc_feat_room,
          nicolae_concentric_dashed_squares_mild, feat_on_display
D:2:      cheibrodos_old_hovel, layout_basic
D:3:      minmay_general_purpose_star, layout_basic, minmay_misc_feat_rugged,
          uniq_terence, uniq_crazy_yiuf_cottage, uniq_grinder, uniq_jessica
D:4:      layout_gridville, kennysheep_little_box, uniq_robin
D:5:      layout_rooms, overflow_temple_1_default, uniq_pikel, uniq_menkaure,
          uniq_edmund, uniq_ijyb
D:6:      layout_rooms, cheibrodos_worm_habitat,
          nicolae_ru_sacrificial_ziggurat, mainiacjoe_overflow_brackets,
          grunt_temple_overflow_diamond, minmay_temple_entry_overgrown,
          serial_shops, shop, uniq_blork_the_orc, uniq_eustachio
D:7:      layout_basic, serial_shops, nicolae_shop_bloodbath_and_beyond
D:8:      layout_basic, mainiacjoe_overflow_swirl, grunt_decor_fettered
D:9:      layout_roguey [special_room_orc], elyvilon_altar_5,
          lightli_temple_of_fire, minmay_lair_entry_grove
D:10:     layout_rooms, nicolae_yredelemnul_corpse_copse, uniq_joseph
D:11:     layout_loops_ring, palyth_stone_intersect
D:12:     layout_cave_pools, david_orc_4
Temple:   dpeg_three_leaves_temple
Lair:1:   layout_small_grid
Lair:2:   layout_chaotic_city, portal_ice_cave_entry_ice_simulacra
Lair:3:   layout_regular_city, minmay_shoals_entry_centaurs,
          spider_nest_entry_funnel_web, wad_woods_river_04
Lair:4:   cheibrodos_lair_overgrown_chateau, layout_layer_cave, slime_entry_2,
          serial_bayou_ford_a, infiniplex_staircase_pool_2, uniq_rupert

Skill      XL: |  1  2  3  4  5  6  7  8  9 10 11 12 13 |
---------------+----------------------------------------+-----
Axes           | 3 4 5 7 8 9 10 11 12 | 12.5
Dodging        | 3 4 5 6 7 8 9 |  9.1
Fighting       | 4 5 6 7 8 9 10 | 10.4
Maces & Flails | 1 3 4 5 6 7 8 |  8.1
Invocations    | 3 6 7 9 10 | 10.3
Armour         | 2 4 5 6 7 |  7.1
Spellcasting   | 1 3 4 5 6 |  6.8

Action                     |  1- 3 |  4- 6 |  7- 9 | 10-12 | 13-15 || total
---------------------------+-------+-------+-------+-------+-------++-------
  Melee: Hand axe          |    83 |   113 |   303 |   101 |       ||   600
         Tailslap          |       |    25 |    60 |    82 |    74 ||   241
         War axe           |       |       |       |   322 |   352 ||   674
  Throw: Dart              |       |     3 |     3 |       |     7 ||    13
         Javelin           |       |       |    13 |    21 |    25 ||    59
 Invoke: Curse Item        |       |       |     2 |     4 |     2 ||     8
         Shatter the Chain |       |       |       |       |     1 ||     1
  Evoke: Wand              |       |     1 |     3 |       |       ||     4
    Use: Potion            |     2 |     6 |     7 |     1 |     1 ||    17
         Scroll            |     1 |     5 |     7 |     3 |     1 ||    17
   Stab: Sleeping          |       |     2 |     1 |       |       ||     3
 Armour: Robe              |    13 |    14 |    16 |       |       ||    43
         Leather armour    |       |       |    59 |   128 |    63 ||   250
  Dodge: Dodged            |    57 |    63 |   223 |   233 |   154 ||   730
  Block: Orb               |     8 |    17 |   112 |   107 |    68 ||   312
